AoeStats
← ruess21

Migration

509891308Analyzed
1v1 RM · 4d ago on Sep 28, 2026· 49m 31s· 2 players
Game mode
Random Map
Map size
132×132
Population
200
Speed
Normal
Resources
Standard
Victory
Conquest
Starting age
Dark Age
Ending age
Imperial Age
RankedLock teamsTeams togetherTeam positionsShared explorationLock speedFull tech treeHidden civsTurbo modeCheats
Victory
Defeat
🇬🇷 Vikings · Greece
1140
+16
🇪🇸 Varangians · Spain
1130
-16
Blass
12:50 Feudal Age
14:53 Wheelbarrow
15:46 Double-Bit Axe
18:16 Castle Age
18:03 Fletching
18:09 Gold Mining
18:11 Stone Mining
19:45 Hand Cart
22:28 Bloodlines
24:33 Bow Saw
27:00 Bodkin Arrow
27:05 Padded Archer Armor
31:44 Forging
31:39 Scale Barding Armor
33:36 Iron Casting
33:18 Leather Archer Armor
33:14 Husbandry
33:04 Horse Collar
34:02 Stone Shaft Mining
35:38 Chain Barding Armor
40:13 Imperial Age
ruess21
12:33 Feudal Age
13:38 Double-Bit Axe
14:26 Loom
18:07 Castle Age
19:31 Bow Saw
19:53 Horse Collar
20:18 Stone Mining
21:19 Gold Mining
21:46 Town Watch
25:15 Heavy Plow
26:02 Scale Barding Armor
27:23 Chain Barding Armor
27:56 Forging
31:08 Iron Casting
31:51 Gold Shaft Mining
31:46 Medium Warships
31:30 Fletching
35:25 Imperial Age
33:02 Bodkin Arrow
33:08 Padded Archer Armor
33:22 Fishing Lines
35:37 Leather Archer Armor
35:45 Ballistics
35:43 Scale Mail Armor
35:31 Cavalier
37:30 Blast Furnace
37:31 Conscription
37:50 Elite Longship
40:11 Chemistry
40:09 Hoardings
40:38 Two-Man Saw
40:48 Scale Mail Armor
40:30 Treadmill Crane
40:46 Murder Holes
41:59 Masonry
43:05 Heavy Warships
42:42 Bracer
44:57 Chain Mail Armor
45:15 Architecture
45:56 Ring Archer Armor
45:08 Elite Berserk
47:09 Plate Mail Armor
46:50 Siege Engineers
48:46 Heated Shot
49:03 Siphons
Connection lost

Rejoining the realm…

Still unreachable

The connection could not be restored.

Session expired

The server has moved on; the page needs a fresh start.